 Dungeon Crawl Stone Soup version 0.31-a0-162-gc4c5a43528 (webtiles) character file.

Game seed: 12320805371969950801

91 qw the Shooter (level 4, 0/40 HPs)
             Began as a Naga Hunter on June 12, 2023.
             Slain by a hobgoblin (3 damage)
             ... on level 2 of the Dungeon.
             The game lasted 00:00:34 (1407 turns).

qw the Shooter (Naga Hunter)                        Turns: 1407, Time: 00:00:34

Health: 0/40       AC:  2    Str: 14    XL:     4   Next: 57%
Magic:  4/4        EV:  9    Int:  9    God:
Gold:   37         SH:  0    Dex: 16    Spells: 3/3 levels left

rFire   . . .        a - +0 shortbow
rCold   . . .        (shield currently unavailable)
rNeg    . . .        c - +0 leather armour
rPois   +            (no helmet)
rElec   .            (no cloak)
rCorr   .            (no gloves)
SInv    +            (no barding)
Will    .....        (no amulet)
Stlth   ++           (no ring)
HPRegen 0.26/turn    (no ring)
MPRegen 0.09/turn

%: no passive effects
@: short of breath, very slow
A: AC +1, large, see invisible, deformed body, poison resistance, slowness 2,
spit poison 1, naga tail 1
a: Spit Poison


You were on level 2 of the Dungeon.
You visited 1 branch of the dungeon, and saw 2 of its levels.

You collected 37 gold pieces.


Innate Abilities, Weirdness & Mutations

Your serpentine skin is tough. (AC +1)
You have supernaturally acute eyesight. (SInv)
Armour fits poorly on your strangely shaped body.
Your system is resistant to poisons. (rPois)
You cover ground very slowly.
You can spit poison.
You have a snake-like lower body.


   Skills:
 + Level 2.8 Fighting
 - Level 5.0 Ranged Weapons
 - Level 1.5 Dodging
 - Level 1.5 Stealth


You had 3 spell levels left.
You didn't know any spells.
Your spell library was empty.

Inventory:

Hand Weapons
 a - a +0 shortbow (weapon)
Armour
 c - a +0 leather armour (worn)
Jewellery
 i - a ring of wizardry
 k - an amulet of regeneration
Scrolls
 g - 2 scrolls of identify {unknown}
 h - a scroll of noise {unknown}
 l - a scroll of revelation {unknown}
Potions
 b - 2 potions of heal wounds {unknown}
 d - a potion of mutation {unknown}
 e - a potion of ambrosia {unknown}
 f - 2 potions of magic {unknown}
 j - a potion of might {unknown}

Dungeon Overview and Level Annotations

Branches:
Dungeon (2/15)

Altars:


Message History

The adder misses you. The hobgoblin closely misses you. The adder bites you.
You shoot an arrow. The arrow hits the adder!
The adder is severely wounded.
The adder bites you. The hobgoblin hits you.
You shoot an arrow. The arrow misses the adder.
The adder bites you. The hobgoblin hits you.
The adder bites you but does no damage.
You shoot an arrow. The arrow completely misses the adder.
The adder bites you but does no damage. The hobgoblin barely misses you.
You shoot an arrow.
The arrow hits the adder but does no damage.
The adder is severely wounded.
You have got your breath back.
The adder barely misses you.
The hobgoblin hits you but does no damage.
The adder closely misses you.
1403 ||| INVOKING Spit Poison.
Aiming: Spit Poison (1% risk of failure)
Press: ? - help, Shift-Dir - straight line, f/p - adder The splash of poison hits the adder.
The adder is poisoned.
You kill the adder!
The hobgoblin hits you.
You shoot an arrow. The arrow hits the gnoll!
The gnoll is heavily wounded.
The hobgoblin hits you. The gnoll hits you with a +0 whip.
The hobgoblin hits you. The gnoll hits you with a +0 whip.
You shoot an arrow. The arrow hits the gnoll.
The gnoll is severely wounded.
The gnoll hits you with a +0 whip. The hobgoblin misses you.
You shoot an arrow. The arrow barely misses the gnoll.
You have got your breath back.
The gnoll hits you with a +0 whip. The hobgoblin hits you.
1407 ||| INVOKING Spit Poison.
Aiming: Spit Poison (1% risk of failure)
Press: ? - help, Shift-Dir - straight line, f/p - gnoll The splash of poison hits the gnoll.
The gnoll is poisoned.
The gnoll is almost dead.
You kill the gnoll!
The hobgoblin hits you.
You die...

#...##......####...# #.....#.#
...####......##.(.##.##.......#
...#..##......#.[.#.. #.......###
..##%..##........##.# #..........
..#.)#..##.......#..###.[...#####
.##.##...##.....##... ##...##
.#%.#..#..##...)#..## #####
##%##.##...##..##)..# ###########
'..#..#..#..##.'@g# #..........
################### ############
#.#.# #...######.#
#.#.#####...)......#
#.#%........######.#
##...........######.#
####...................#
.......################# ..>..###


You could see a hobgoblin.

Vanquished Creatures
  A gnoll (D:2)
  2 adders (D:2)
  3 worms (D:2)
  5 bats
  7 endoplasms
  2 giant cockroaches (D:2)
  7 hobgoblins
  4 jackals (D:1)
  A quokka (D:2)
  7 ball pythons
  A frilled lizard (D:1)
  7 goblins
  4 kobolds
  7 rats
  A spectral goblin (D:1)
59 creatures vanquished.

Notes
Turn   | Place    | Note
-------+----------+-------------------------------------------
     0 | D:1      | qw the Naga Hunter began the quest for the Orb.
     0 | D:1      | Reached XP level 1. HP: 19/19 MP: 1/1
     0 | D:1      | 0 ||| qw: Version: 0.2-a-29-gc1b59c4
     0 | D:1      | 0 ||| qw: Game counter: 4337
     0 | D:1      | 0 ||| qw: Always use a shield: true
     0 | D:1      | 0 ||| qw: God list: Okawaru
     0 | D:1      | 0 ||| qw: Allow faded altars: false
     0 | D:1      | 0 ||| qw: Do Orc after D:15 true
     0 | D:1      | 0 ||| qw: Do second Lair branch before Depths: true
     0 | D:1      | 0 ||| qw: Lair rune preference: random
     0 | D:1      | 0 ||| qw: Plans: Normal
     0 | D:1      | 0 ||| PLANNING D:1-11
    27 | D:1      | 27 ||| INVOKING Spit Poison.
    30 | D:1      | 30 ||| INVOKING Spit Poison.
    33 | D:1      | 33 ||| INVOKING Spit Poison.
    35 | D:1      | Reached skill level 4 in Ranged Weapons
    35 | D:1      | Reached XP level 2. HP: 21/26 MP: 2/2
    36 | D:1      | 36 ||| INVOKING Spit Poison.
    41 | D:1      | 41 ||| INVOKING Spit Poison.
    43 | D:1      | HP: 6/26 [jackal (2)]
    46 | D:1      | 46 ||| INVOKING Spit Poison.
   133 | D:1      | 133 ||| INVOKING Spit Poison.
   168 | D:1      | 168 ||| INVOKING Spit Poison.
   182 | D:1      | 182 ||| INVOKING Spit Poison.
   212 | D:1      | 212 ||| INVOKING Spit Poison.
   217 | D:1      | 217 ||| INVOKING Spit Poison.
   230 | D:1      | 230 ||| INVOKING Spit Poison.
   235 | D:1      | 235 ||| INVOKING Spit Poison.
   236 | D:1      | Reached XP level 3. HP: 32/32 MP: 3/3
   267 | D:1      | Found a faded altar of an unknown god.
   396 | D:1      | 396 ||| INVOKING Spit Poison.
   411 | D:1      | 411 ||| INVOKING Spit Poison.
   443 | D:1      | You fall into a shaft and drop 1 floor!
   444 | D:2      | 444 ||| DROPPING scroll of butterflies.
   522 | D:1      | 522 ||| INVOKING Spit Poison.
   526 | D:1      | 526 ||| INVOKING Spit Poison.
   588 | D:1      | 588 ||| INVOKING Spit Poison.
   649 | D:2      | 649 ||| INVOKING Spit Poison.
   653 | D:2      | 653 ||| INVOKING Spit Poison.
   674 | D:2      | 674 ||| INVOKING Spit Poison.
   695 | D:2      | 695 ||| INVOKING Spit Poison.
   785 | D:2      | 785 ||| INVOKING Spit Poison.
   840 | D:2      | 840 ||| INVOKING Spit Poison.
   965 | D:2      | 965 ||| INVOKING Spit Poison.
  1061 | D:2      | 1061 ||| INVOKING Spit Poison.
  1067 | D:2      | Reached skill level 5 in Ranged Weapons
  1067 | D:2      | Reached XP level 4. HP: 39/39 MP: 4/4
  1157 | D:2      | 1157 ||| INVOKING Spit Poison.
  1192 | D:2      | 1192 ||| INVOKING Spit Poison.
  1196 | D:2      | 1196 ||| INVOKING Spit Poison.
  1201 | D:2      | 1201 ||| INVOKING Spit Poison.
  1202 | D:2      | 1202 ||| INVOKING Spit Poison.
  1208 | D:2      | 1208 ||| INVOKING Spit Poison.
  1279 | D:2      | 1279 ||| INVOKING Spit Poison.
  1292 | D:2      | 1292 ||| INVOKING Spit Poison.
  1353 | D:2      | 1353 ||| INVOKING Spit Poison.
  1356 | D:2      | 1356 ||| INVOKING Spit Poison.
  1363 | D:2      | 1363 ||| INVOKING Spit Poison.
  1396 | D:2      | 1396 ||| INVOKING Spit Poison.
  1403 | D:2      | 1403 ||| INVOKING Spit Poison.
  1404 | D:2      | HP: 10/40 [gnoll/+0 whip (4)]
  1406 | D:2      | HP: 3/40 [hobgoblin (3)]
  1407 | D:2      | 1407 ||| INVOKING Spit Poison.
  1407 | D:2      | Slain by a hobgoblin

Levels and vault maps discovered:
D:1:      co_arrival_hall_of_pillars, layout_basic,
          dreamdust_ecumenical_altar_drowned_temple
D:2:      minmay_razor_zed, layout_loops_ring

Skill      XL: |  1  2  3 |
---------------+----------+-----
Ranged Weapons | 4 5 |  5.0
Fighting       | |  2.8
Dodging        | |  1.5
Stealth        | |  1.5

Action                     |  1- 3 |  4- 6 || total
---------------------------+-------+-------++-------
   Fire: Shortbow          |    64 |    34 ||    98
Ability: Spit Poison       |    26 |    13 ||    39
 Armour: Leather armour    |    10 |     7 ||    17
  Dodge: Dodged            |    22 |    11 ||    33

Table legend:
 A = Non-vault XP
 B = Vault XP
 C = Vault XP percentage of total XP
 D = Non-vault monster count
 E = Vault monster count
 F = Vault count percentage of total count
                 A         B        C        D         E       F
            +---------+---------+-------+---------+---------+-------
      Total |      92 |      53 |  36.6 |      46 |      13 |  22.0
            +---------+---------+-------+---------+---------+-------
        D:1 |      49 |       1 |   2.0 |      30 |       1 |   3.2
        D:2 |      43 |      52 |  54.7 |      16 |      12 |  42.9
            +---------+---------+-------+---------+---------+-------
